 Dungeon Crawl Stone Soup version 0.23-a0-395-gcf17ac6c65 (webtiles) character file.

298252 PikkenKukken the Warrior (level 20, -2/228 HPs)
             Began as an Ogre Transmuter on Oct 31, 2018.
             Was the Champion of Okawaru.
             Slain by a spiny frog (17 damage)
             ... summoned by a worldbinder
             ... on level 3 of the Abyss on Nov 1, 2018.
             The game lasted 03:36:38 (56014 turns).

PikkenKukken the Warrior (Ogre Transmuter)         Turns: 56014, Time: 03:36:38

Health: -2/228     AC: 18    Str: 19    XL:     20   Next: 96%
Magic:  35/36      EV: 27    Int: 24    God:    Okawaru [******]
Gold:   507        SH: 15    Dex: 18    Spells: 21/43 levels left

rFire    + + .     SeeInvis +     - Unarmed
rCold    + . .     Gourm    .   s - +0 large shield {AC+3}
rNeg     + . .     Faith    .   S - +3 robe of the Journeyman {Int+5}
rPois    .         Spirit   .   N - +1 hat {SInv}
rElec    .         Reflect  .   u - scarf {rC+ rF+}
rCorr    .         Harm     .   (gloves unavailable)
MR       ++...                  (boots unavailable)
Stlth    ++++......             q - amulet of regeneration
HPRegen  0.48/turn              x - ring "Siazamon" {rF+ rN+ Int+3}
MPRegen  0.25/turn              L - ring of Robustness {AC+8}

@: agile, about to teleport, heroism
A: large, unfitting armour, mutation resistance 1, tough skin 1
}: 2/15 runes: serpentine, barnacled
a: Heroism, Finesse, Renounce Religion


You were on level 3 of the Abyss.
You worshipped Okawaru.
Okawaru was exalted by your worship.
You were not hungry.

You visited 7 branches of the dungeon, and saw 35 of its levels.
You visited the Abyss 1 time.
You visited 1 bazaar.
You also visited: Ice Cave.

You collected 3969 gold pieces.
You spent 3462 gold pieces at shops.

Inventory:

Missiles
 a - 523 arrows
 Z - 23 large rocks (quivered)
Armour
 s - a +0 large shield of protection (worn)
 u - a scarf of resistance (worn)
 J - a +2 cloak of invisibility
 N - a +1 hat of see invisible (worn)
 S - the +3 robe of the Journeyman (worn) {Int+5}
   (You found it on level 1 of the Orcish Mines)

   It affects your intelligence (+5).
Jewellery
 o - an uncursed ring of poison resistance
 q - an amulet of regeneration (around neck)
 t - a +5 amulet of reflection
 x - the ring "Siazamon" (left hand) {rF+ rN+ Int+3}
   (You found it on level 3 of the Shoals)

   [ring of positive energy]

   It affects your intelligence (+3).
   It protects you from fire.
   It protects you from negative energy.
 B - the ring "Saadagh" {rElec rF- MR+ SInv Stlth-}
   (You found it on level 6 of the Dungeon)

   [ring of attention]

   It makes you vulnerable to fire.
   It insulates you from electricity.
   It affects your resistance to hostile enchantments.
   It lets you see invisible.
   It makes you less stealthy.
 C - an uncursed ring of protection from fire
 E - a +5 ring of dexterity
 K - an uncursed ring of resist corrosion
 L - the ring of Robustness (right hand) {AC+8}
   (You bought it in a shop on level 2 of the Orcish Mines)

   [ring of protection]

   It affects your AC (+8).
 U - an uncursed ring of positive energy
 V - an uncursed ring of positive energy
Wands
 k - a wand of digging (9)
 m - a wand of disintegration (28)
 p - a wand of iceblast (26)
 v - a wand of paralysis (44)
 R - a wand of acid (8)
 Y - a wand of scattershot (5)
Scrolls
 b - a scroll of magic mapping
 c - 9 scrolls of identify
 f - 6 scrolls of amnesia
 l - 3 scrolls of summoning
 n - a scroll of teleportation
 y - 4 scrolls of enchant armour
 D - 17 scrolls of remove curse
 I - 3 scrolls of fear
 Q - 3 scrolls of fog
 X - a scroll of enchant weapon
Potions
 e - 4 potions of agility
 g - a potion of invisibility
 i - 3 potions of mutation
 j - 6 potions of resistance
 w - 3 potions of cancellation
 z - 14 potions of curing
 A - 10 potions of flight
 F - 3 potions of might
 H - 7 potions of brilliance
 M - 4 potions of berserk rage
 W - 3 potions of magic
Miscellaneous
 r - a phantom mirror
 G - 3 boxes of beasts
Comestibles
 d - 27 rations
 h - 3 chunks of flesh


   Skills:
 + Level 20.0(25.0) Fighting
 - Level 4.0(9.0) Armour
 + Level 15.0(20.0) Dodging
 + Level 18.4(23.4) Unarmed Combat
 - Level 12.0 Spellcasting
 + Level 4.1 Necromancy
 - Level 10.0 Transmutations
 - Level 5.0 Ice Magic
 - Level 10.0 Earth Magic
 - Level 1.2 Poison Magic
 - Level 6.0 Invocations


You had 21 spell levels left.
You knew the following spells:

 Your Spells              Type           Power        Failure   Level  Hunger
a - Beastly Appendage     Tmut           ######       1%          1    None
b - Sticks to Snakes      Tmut           ######..     1%          2    None
c - Spider Form           Tmut/Pois      #####.....   11%         3    None
d - Ice Form              Ice/Tmut       ######..     17%         4    None
e - Confusing Touch       Hex            ##....       36%         1    None
f - Statue Form           Tmut/Erth      ######...    67%         6    #####..
g - Borgnjor's Vile Clut  Necr/Erth      #####.....   50%         5    ###....

Your spell library contained the following spells:

 Spells                   Type           Power        Failure   Level  Hunger
 Animate Skeleton         Necr           N/A          7%          1    None
 Blade Hands              Tmut           ######....   17%         5    ###....
 Ensorcelled Hibernation  Hex/Ice        ####..       21%         2    None
 Apportation              Tloc           ##....       36%         1    None
 Magic Dart               Conj           ##..         36%         1    None
 Shock                    Conj/Air       ##..         36%         1    None
 Summon Butterflies       Summ           ##......     36%         1    None
 Summon Small Mammal      Summ           ##..         36%         1    None
 Leda's Liquefaction      Hex/Erth       #####.....   43%         4    None
 Call Imp                 Summ           ##......     50%         2    None
 Searing Ray              Conj           ##....       50%         2    None
 Swiftness                Chrm/Air       ##......     50%         2    None
 Animate Dead             Necr           N/A          56%         4    None
 Alistair's Intoxication  Tmut/Pois      #####...     71%         5    ###....
 Call Canine Familiar     Summ           ##......     73%         3    None
 Dazzling Spray           Conj/Hex       ##....       73%         3    None
 Lesser Beckoning         Tloc           ##........   73%         3    None
 Recall                   Summ/Tloc      N/A          73%         3    None
 Static Discharge         Conj/Air       ##......     73%         3    None
 Summon Guardian Golem    Hex/Summ       ##......     73%         3    None
 Tukima's Dance           Hex            ##......     73%         3    None
 Summon Ice Beast         Ice/Summ       ####....     78%         4    None
 Bolt of Magma            Conj/Fire/Erth ####......   95%         5    ###....
 Airstrike                Air            ##........   98%         4    None
 Force Lance              Conj/Tloc      ##......     98%         4    None
 Fulminant Prism          Conj/Hex       ##........   98%         4    None
 Iskenderun's Mystic Bla  Conj           ##......     98%         4    None
 Summon Lightning Spire   Summ/Air       ##......     98%         4    None
 Lightning Bolt           Conj/Air       ##........   100%        5    ###....
 Silence                  Hex/Air        ##........   100%        5    ###....
 Summon Mana Viper        Hex/Summ       ##......     100%        5    ###....
 Darkness                 Hex            ##........   100%        6    #####..
 Death Channel            Necr           ####......   100%        6    #####..
 Invisibility             Hex            ##......     100%        6    #####..
 Iron Shot                Conj/Erth      #####.....   100%        6    #####..
 Shadow Creatures         Summ           N/A          100%        6    #####..
 Simulacrum               Ice/Necr       #####.....   100%        6    #####..
 Haunt                    Necr/Summ      ###.......   100%        7    ######.
 Summon Hydra             Summ           ##........   100%        7    ######.
 Borgnjor's Revivificati  Necr           ####......   100%        8    #######
 Death's Door             Chrm/Necr      ###.......   100%        8    #######
 Infestation              Necr           ####......   100%        8    #######
 Necromutation            Tmut/Necr      #####.....   100%        8    #######
 Shatter                  Erth           ######....   100%        9    #######


Dungeon Overview and Level Annotations

Branches:
Dungeon (15/15)            Temple (1/1) D:6            Lair (6/6) D:10
 Shoals (4/4) Lair:3        Snake (4/4) Lair:3        Slime (0/5) Lair:5
    Orc (2/2) D:11            Elf (3/3) Orc:2        Vaults (0/5) D:14
 Depths (0/5) D:15

Altars:
Ashenzari
Cheibriados
Dithmenos
Elyvilon
Fedhas
Gozag
Hepliaklqana
Kikubaaqudgha
Makhleb
Nemelex Xobeh
Okawaru
Ru
Sif Muna
Trog
Vehumet
Wu Jian
Xom
Yredelemnul
Beogh
Jiyva

Shops:
D:11 (   D:12 :   D:15 %   Orc:2 [(%=   Snake:1 }?(!   Snake:2 }=}   Snake:4 (%

Portals:
Trove: D:12 (give +3 shadow dragon scales)

Annotations:
D:6 2 runed doors, Tinylith's ghost, novice MiFi
D:8 exclusion: statue
D:12 2 runed doors
D:13 3 runed doors, SnubMonkey's ghost, journeyman TrTm
Shoals:2 1 runed door, Rrauwl's ghost, adept BaFi
Elf:2 3 runed doors


Innate Abilities, Weirdness & Mutations

You are too large for most types of armour.
You have tough skin. (AC +1)
You are somewhat resistant to further mutation.


Message History

A chorus of shrieks assaults your mind.
* * * LOW HITPOINT WARNING * * *
The spiny frog stings you.
* * * LOW HITPOINT WARNING * * *
You are poisoned.
The spiny frog poisons you! The hellwing closely misses you.
The hellwing barely misses you.
You feel better. You block the hellwing's attack. x2
The spiny frog misses you.
A deafening chorus of shrieks assaults your mind!
* * * LOW HITPOINT WARNING * * *
You block the hellwing's attack. x2
Casting: Statue Form (very dangerous; 67% risk of failure)
Confirm with . or Enter, or press ? or * to list all spells.
The spell is very dangerous to cast (67% risk of failure)!
Continue anyway?
Okay, then.
You feel agile all of a sudden.
The hellwing misses you. x2; A starcursed mass splits.
The spiny frog stings you!
You die...

.## . ##.....
.....#.. .
.u.....#
.uu..#.
#.u..#
...#x##X###
....XFYF@4# #
# ....##4X##
...X)#XXX#
.......#4####
##....# .#
#...#. ....#
# #.... . ...


You could see 6 starcursed masses, 3 very ugly things, a white ugly thing, 3
hellwings, a worldbinder, a spiny frog, a blink frog and a dream sheep.

Vanquished Creatures
  Saint Roka (Snake:3)
  2 bone dragons (Abyss:3)
  A lich (Abyss:3)
  A hellephant (Abyss:3)
  A tentacled starspawn (Abyss:3)
  Frances (Shoals:2)
  A kraken (Shoals:2)
  Polyphemus (Shoals:2)
  Ilsuiw (Shoals:4)
  9 nagarajas
  Roxanne (D:15)
  A balrug (Abyss:3)
  A frost giant (IceCv)
  2 orc warlords (Orc:2)
  A deep elf elementalist (Elf:2)
  The ghost of PikkenKukken the Martial Artist, a journeyman DsTm of Kikubaaqudgha (Lair:4)
  2 very ugly things (Abyss:3)
  2 stone giants
  Azrael (Snake:1)
  A lorocyproca (Abyss:3)
  11 merfolk impalers
  4 deep elf death magi
  2 ettins (Orc:1)
  Josephine (D:9)
  8 merfolk javelineers
  A great orb of eyes (Abyss:3)
  A yaktaur captain (D:14)
  Erolcha (D:12)
  15 naga warriors
  2 ice dragons
  7 two-headed ogres
  3 hydras
  4 merfolk avatars
  A catoblepas (Shoals:2)
  3 alligator snapping turtles
  2 centaur warriors (D:14)
  10 anacondas
  3 satyrs
  12 dancing weapons
  4 death yaks
  3 merfolk aquamancers
  4 orc high priests (Orc:2)
  A two-headed ogre (shapeshifter) (D:14)
  A hell hog (Abyss:3)
  A tengu warrior (D:14)
  14 naga sharpshooters
  9 thrashing horrors (Abyss:3)
  5 shock serpents
  Urug (Lair:4)
  Sonja (Lair:4)
  2 sun demons (Abyss:3)
  12 slime creatures
  7 wretched stars (Abyss:3)
  6 deep elf knights
  3 salamander mystics
  7 skeletal warriors
  18 sea snakes
  A sixfirhy (Abyss:3)
  2 unseen horrors
  A flayed ghost (D:15)
  A glowing orange brain (Abyss:3)
  6 naga ritualists
  5 deep elf archers
  Pikel (D:5)
  6 orc knights
  28 harpies
  A shadow dragon skeleton (Abyss:3)
  7 mana vipers
  An ugly thing (D:12)
  16 fauns
  5 orc sorcerers
  A necromancer (D:14)
  11 manticores
  A moth of wrath (shapeshifter) (Elf:1)
  3 worldbinders (Abyss:3)
  3 oklob plants (Lair:3)
  20 deep elf magi
  20 cyclopes
  6 salamanders
  10 large abominations (Abyss:3)
  5 elephants (Lair:3)
  7 water nymphs
  2 ice statues (IceCv)
  35 black mambas
  10 merfolk sirens
  4 guardian serpents
  An apocalypse crab (Abyss:3)
  20 naga magi
  Maurice (D:12)
  7 spiny frogs
  6 orange demons
  Psyche (D:12)
  4 torpor snails
  A hellion (Abyss:3)
  4 smoke demons (Abyss:3)
  A rime drake (Lair:5)
  3 kobold demonologists
  An efreet (Abyss:3)
  2 yaktaurs (D:14)
  A tormentor (Abyss:3)
  2 gargoyles
  4 centaur skeletons
  4 red devils
  4 hellwings
  7 komodo dragons
  26 merfolk
  5 ancient zymes (Abyss:3)
  11 polar bears
  11 trolls
  A meliai (shapeshifter) (Elf:1)
  7 wind drakes
  A queen bee (D:8)
  14 blink frogs
  15 raiju (Abyss:3)
  Grinder (D:3)
  Prince Ribbit (D:6)
  2 meliai zombies
  A deep troll zombie (D:15)
  A dream sheep (Shoals:3)
  An ice dragon zombie (D:15)
  5 flying skulls (Abyss:3)
  10 hippogriffs
  A vampire (Abyss:3)
  11 snapping turtles
  A spriggan (Lair:1)
  3 wyverns
  A spriggan (shapeshifter) (Elf:2)
  An air elemental (Elf:1)
  3 shadows
  3 ynoxinuls (Abyss:3)
  6 water elementals
  7 wraiths
  6 fire elementals
  59 yaks
  2 basilisks
  4 hogs (D:7)
  4 fire bats (Abyss:3)
  2 hungry ghosts
  4 neqoxecs (Abyss:3)
  2 chaos spawn (Abyss:3)
  A steam dragon (Lair:3)
  A human (D:7)
  Grum (D:9)
  8 wargs
  5 insubstantial wisps (Abyss:3)
  An acid dragon (D:11)
  69 nagas
  Duvessa (D:7)
  24 water moccasins
  3 hell hounds
  9 porcupines
  3 sky beasts
  6 phantoms
  2 black bears
  10 ice beasts
  46 orc warriors
  22 ogres
  A necrophage (D:6)
  6 centaurs
  32 wolves
  11 crocodiles
  A yaktaur zombie (D:15)
  4 big kobolds
  4 wyvern zombies
  16 bullfrogs
  2 gnoll sergeants
  3 earth elementals
  Dowan (D:7)
  2 wyvern skeletons
  7 scorpions
  21 killer bees
  12 small abominations (Abyss:3)
  18 wights
  3 electric eels
  4 howler monkeys
  8 crimson imps
  3 bullfrog zombies
  5 quasits
  Crazy Yiuf (D:2)
  7 centaur zombies
  13 starcursed masses (Abyss:3)
  3 jellies
  A gnoll shaman (D:8)
  41 orc priests
  3 bullfrog skeletons
  4 hounds
  16 orc wizards
  9 worker ants
  2 iguanas
  Natasha (twice) (D:2)
  2 hound skeletons
  25 adders
  17 gnolls
  5 shadow imps
  A white imp (Abyss:3)
  5 oozes
  An adder skeleton (D:7)
  5 worms
  4 dart slugs
  8 leopard geckos
  125 orcs
  3 ball pythons
  7 giant cockroaches
  3 goblins
  7 hobgoblins
  2 jackals (D:8)
  3 quokkas
  7 bats
  4 frilled lizards
  23 kobolds
  A quokka skeleton (D:8)
  3 rats
  A starspawn tentacle (Abyss:3)
  4 tentacles (Shoals:2)
1492 creatures vanquished.

Vanquished Creatures (collateral kills)
  A stone giant zombie (D:15)
  A salamander (Snake:3)
  2 manticores
  An oklob plant (Lair:3)
  A komodo dragon (Lair:3)
  A merfolk (Shoals:4)
  A dream sheep (Shoals:3)
  A hippogriff (D:7)
  Eustachio (D:5)
  A wight (D:5)
  Natasha (D:2)
  An adder (D:2)
  A dart slug (D:3)
  4 orcs
  A leopard gecko skeleton (D:6)
19 creatures vanquished.

Vanquished Creatures (others)
  An unseen horror (shapeshifter) (Orc:2)
  A naga (Snake:4)
  2 starcursed masses (Abyss:3)
  Ijyb (D:5)
  An ufetubus (Abyss:3)
  An orc (D:5)
  A bat (D:1)
  4 bushes (Lair:1)
  8 fungi
  A lurking horror (Abyss:3)
  22 plants
  5 starspawn tentacles (Abyss:3)
  2 tentacles (Shoals:2)
50 creatures vanquished.

Grand Total: 1561 creatures vanquished

Notes
Turn   | Place    | Note
-------+----------+-------------------------------------------
     0 | D:1      | PikkenKukken the Ogre Transmuter began the quest for the
                  | Orb.
     0 | D:1      | Reached XP level 1. HP: 19/19 MP: 3/3
    82 | D:1      | Reached skill level 2 in Fighting
   119 | D:1      | Reached XP level 2. HP: 26/28 MP: 3/5
   330 | D:1      | Reached skill level 3 in Fighting
   621 | D:1      | Reached XP level 3. HP: 30/37 MP: 6/6
   626 | D:1      | Learned a level 3 spell: Spider Form
   629 | D:1      | Learned a level 2 spell: Sticks to Snakes
  1154 | D:2      | Reached skill level 1 in Poison Magic
  1584 | D:2      | Found a runed door.
  1699 | D:2      | Reached XP level 4. HP: 45/45 MP: 5/7
  1916 | D:2      | Noticed Natasha
  1925 | D:2      | Killed Natasha
  2037 | D:2      | Noticed Natasha
  2047 | D:2      | Killed Natasha
  2047 | D:2      | Reached XP level 5. HP: 41/54 MP: 2/8
  2221 | D:2      | Noticed Natasha
  2237 | D:2      | Killed Natasha
  2237 | D:2      | Reached skill level 4 in Fighting
  2535 | D:2      | Noticed Crazy Yiuf
  2546 | D:2      | Killed Crazy Yiuf
  2662 | D:3      | Noticed Grinder
  2739 | D:3      | Killed Grinder
  2739 | D:3      | Reached skill level 5 in Fighting
  2739 | D:3      | Reached XP level 6. HP: 66/66 MP: 5/9
  2933 | D:3      | Reached XP level 7. HP: 59/72 MP: 4/10
  3027 | D:3      | Found a faded altar of an unknown god.
  3261 | D:4      | Found a basalt altar of Yredelemnul.
  3499 | D:4      | Reached skill level 5 in Unarmed Combat
  3617 | D:4      | Found a snail-covered altar of Cheibriados.
  3804 | D:4      | Found a white marble altar of Elyvilon.
  3839 | D:4      | Found a shadowy altar of Dithmenos.
  3863 | D:5      | Entered Level 5 of the Dungeon
  4014 | D:5      | Noticed Eustachio
  4073 | D:5      | Killed Eustachio
  4073 | D:5      | Reached skill level 6 in Fighting
  4073 | D:5      | Reached XP level 8. HP: 61/83 MP: 3/11
  4421 | D:5      | Noticed Pikel
  4428 | D:5      | Killed Pikel
  4428 | D:5      | Reached skill level 7 in Fighting
  4514 | D:5      | Killed Ijyb
  4528 | D:5      | Found a burning altar of Makhleb.
  4714 | D:5      | Reached XP level 9. HP: 68/93 MP: 9/12
  5194 | D:6      | Reached skill level 5 in Dodging
  5503 | D:6      | Got a smoking pewter ring
  5504 | D:6      | Identified the ring "Saadagh" {rElec rF- MR+ SInv Stlth-}
                  | (You found it on level 6 of the Dungeon)
  5731 | D:6      | Noticed Prince Ribbit
  5737 | D:6      | Found a large runed door.
  5738 | D:6      | Found a large runed door.
  5744 | D:6      | Killed Prince Ribbit
  5812 | D:6      | Noticed Tinylith's ghost (novice MiFi)
  5933 | D:6      | Found a staircase to the Ecumenical Temple.
  5943 | Temple   | Entered the Ecumenical Temple
  5982 | Temple   | Became a worshipper of Warmaster Okawaru
  6156 | D:7      | Reached skill level 8 in Fighting
  6199 | D:7      | Noticed Duvessa
  6205 | D:7      | Noticed Dowan
  6322 | D:7      | Reached skill level 1 in Invocations
  6522 | D:7      | Reached * piety under Okawaru
  7063 | D:7      | Reached XP level 10. HP: 106/106 MP: 7/13
  7081 | D:7      | Reached skill level 9 in Fighting
  7196 | D:7      | Killed Duvessa
  7205 | D:7      | Killed Dowan
  7214 | D:7      | Reached ** piety under Okawaru
  8389 | D:8      | Learned a level 4 spell: Ice Form
  8650 | D:8      | Found a shimmering altar of Xom.
  9253 | D:8      | Reached *** piety under Okawaru
  9274 | D:7      | Reached skill level 1 in Ice Magic
  9661 | D:8      | Reached skill level 5 in Transmutations
  9692 | D:8      | Reached XP level 11. HP: 44/117 MP: 4/16
 10335 | D:8      | Found a radiant altar of Vehumet.
 10855 | D:9      | Reached skill level 5 in Invocations
 11005 | D:9      | Reached skill level 10 in Fighting
 11156 | D:9      | Reached skill level 10 in Unarmed Combat
 11159 | D:9      | Reached **** piety under Okawaru
 11589 | D:9      | Noticed Grum
 11610 | D:9      | Killed Grum
 12130 | D:10     | Entered Level 10 of the Dungeon
 12130 | D:10     | Noticed Josephine
 12157 | D:9      | Killed Josephine
 12157 | D:9      | Received a gift from Okawaru
 12157 | D:9      | Reached skill level 5 in Spellcasting
 12587 | D:10     | Found a staircase to the Lair.
 12650 | D:10     | Reached ***** piety under Okawaru
 12746 | D:10     | Reached XP level 12. HP: 60/128 MP: 14/19
 13590 | D:10     | Reached skill level 11 in Fighting
 13952 | Lair:1   | Entered Level 1 of the Lair of Beasts
 15288 | Lair:1   | Reached skill level 5 in Ice Magic
 15635 | Lair:1   | Received a gift from Okawaru
 16029 | Lair:2   | Reached skill level 12 in Fighting
 16318 | Lair:2   | Reached XP level 13. HP: 123/140 MP: 15/20
 17043 | Lair:3   | Found a staircase to the Shoals.
 18117 | Lair:3   | Received a gift from Okawaru
 18121 | Lair:3   | Reached skill level 13 in Fighting
 18305 | Lair:3   | Found a staircase to the Snake Pit.
 19331 | Lair:4   | Found a transporter.
 19335 | Lair:4   | Found a transporter.
 19335 | Lair:4   | Noticed PikkenKukken's ghost (journeyman DsTm)
 19593 | Lair:4   | Noticed Sonja
 19605 | Lair:4   | Killed Sonja
 19605 | Lair:4   | Reached ****** piety under Okawaru
 19660 | Lair:4   | Noticed Urug
 19667 | Lair:4   | Killed Urug
 19980 | Lair:4   | Reached skill level 10 in Dodging
 19980 | Lair:4   | Reached XP level 14. HP: 149/153 MP: 12/21
 20399 | Lair:5   | Found a viscous altar of Jiyva.
 20399 | Lair:5   | Found a staircase to the Slime Pits.
 20913 | Lair:6   | Entered Level 6 of the Lair of Beasts
 21258 | D:11     | Found a staircase to the Orcish Mines.
 21268 | D:11     | Learned a level 1 spell: Confusing Touch
 21338 | D:11     | Reached skill level 14 in Fighting
 21640 | D:11     | Found Sevvaezabb's Weapon Shoppe.
 21954 | Orc:1    | Entered Level 1 of the Orcish Mines
 22007 | Orc:1    | Found a frozen archway.
 22259 | Orc:1    | Reached skill level 1 in Armour
 22542 | IceCv    | Entered an ice cave
 23340 | IceCv    | Noticed a frost giant
 23351 | IceCv    | Received a gift from Okawaru
 23357 | IceCv    | Killed a frost giant
 23399 | IceCv    | Found the +5 scythe "Finisher" {speed, Str+3}
 24672 | Orc:1    | Reached XP level 15. HP: 146/165 MP: 20/24
 25445 | Orc:1    | Got a colourful robe
 25446 | Orc:1    | Identified the +3 robe of the Journeyman {Int+5} (You found
                  | it on level 1 of the Orcish Mines)
 25563 | Orc:2    | Entered Level 2 of the Orcish Mines
 25654 | Orc:2    | Received a gift from Okawaru
 25669 | Orc:2    | Found a roughly hewn altar of Beogh.
 25702 | Orc:2    | Reached skill level 15 in Unarmed Combat
 25738 | Orc:2    | Found Jeb Rajej's Jewellery Boutique.
 25755 | Orc:2    | Received a gift from Okawaru
 26151 | Orc:2    | Found Qedau's Food Shop.
 26175 | Orc:2    | Reached skill level 15 in Fighting
 26991 | Orc:2    | Noticed an orc warlord
 27194 | Orc:2    | Killed an orc warlord
 27270 | Orc:2    | Gained mutation: You can translocate small distances at
                  | will. [potion of mutation]
 27270 | Orc:2    | Gained mutation: You expend magic power (3 MP) to
                  | strengthen your wands. [potion of mutation]
 27272 | Orc:2    | Noticed an orc warlord
 27282 | Orc:2    | Killed an orc warlord
 27748 | Orc:2    | Found a staircase to the Elven Halls.
 27836 | Orc:2    | Identified the Tome of Icy Weightlessness
 27933 | Orc:2    | Found Pacyur's Weapon Shoppe.
 27985 | Orc:2    | Received a gift from Okawaru
 28331 | Orc:2    | Found a roughly hewn altar of Beogh.
 28375 | Orc:2    | Found Serimur's Antique Armour Emporium.
 28576 | Orc:2    | Bought the ring of Robustness {AC+8} for 1664 gold pieces
 28576 | Orc:2    | Found the ring of Robustness {AC+8}
 28681 | D:12     | Noticed Psyche
 28686 | D:12     | Killed Psyche
 28708 | D:12     | Noticed Maurice
 28722 | D:12     | Killed Maurice
 28917 | D:12     | Found a runed door.
 28917 | D:12     | Found a runed door.
 28918 | D:12     | Found the +2 shield of Resistance {rF+ rC+ MR+}
 28953 | D:12     | Found Gady's Book Shoppe.
 28986 | D:12     | Noticed Erolcha
 28997 | D:12     | Killed Erolcha
 29192 | D:12     | Found a portal to a secret trove of treasure.
 29701 | D:13     | Found a runed gate.
 29701 | D:13     | Found a runed gate.
 29701 | D:13     | Found a runed gate.
 29704 | D:13     | Noticed SnubMonkey's ghost (journeyman TrTm)
 29757 | D:13     | Reached XP level 16. HP: 178/178 MP: 28/28
 30256 | D:14     | Found a hazy altar of Hepliaklqana.
 30868 | D:14     | Found a gate to the Vaults.
 31360 | D:14     | Reached skill level 16 in Fighting
 31764 | D:15     | Entered Level 15 of the Dungeon
 31764 | D:15     | Found a staircase to the Depths.
 32462 | D:15     | Found Huut's Food Boutique.
 32757 | D:15     | Noticed Roxanne
 32837 | D:15     | Killed Roxanne
 32952 | D:15     | Learned a level 6 spell: Statue Form
 33311 | Snake:1  | Entered Level 1 of the Snake Pit
 33340 | Shoals:1 | Entered Level 1 of the Shoals
 33340 | Shoals:1 | Found a radiant altar of Vehumet.
 33681 | Shoals:1 | Reached skill level 1 in Earth Magic
 34031 | Shoals:1 | Received a gift from Okawaru
 34077 | Shoals:1 | Got an ancient robe {god gift}
 34196 | Shoals:1 | Identified the +5 robe "Pimudem" {rN+ Slay-3 Stlth+}
                  | (Okawaru gifted it to you on level 1 of the Shoals)
 34954 | Shoals:2 | Noticed Frances
 34968 | Shoals:2 | Killed Frances
 35290 | Shoals:2 | Reached XP level 17. HP: 189/189 MP: 25/29
 35388 | Shoals:2 | Noticed Polyphemus
 35394 | Shoals:2 | Found a runed door.
 35395 | Shoals:2 | HP: 10/226 [death yak[Polyphemus] (15)]
 35395 | Shoals:2 | HP: 3/226 [death yak[Polyphemus] (7)]
 35888 | Shoals:1 | Upgraded the game from 0.23-a0-393-g6e9e0f2070 to
                  | 0.23-a0-395-gcf17ac6c65
 36684 | Shoals:2 | Killed Polyphemus
 37259 | Shoals:2 | Noticed Rrauwl's ghost (adept BaFi)
 37366 | Shoals:2 | Noticed a kraken
 37461 | Shoals:2 | Killed a kraken
 37461 | Shoals:2 | Reached skill level 5 in Earth Magic
 37792 | Shoals:3 | Reached skill level 17 in Fighting
 38049 | Shoals:4 | Entered Level 4 of the Shoals
 38544 | Shoals:3 | Got a scorched tin ring
 38545 | Shoals:3 | Identified the ring "Siazamon" {rF+ rN+ Int+3} (You found
                  | it on level 3 of the Shoals)
 39018 | Shoals:3 | Received a gift from Okawaru
 40863 | Shoals:4 | Noticed Ilsuiw
 41139 | Shoals:4 | Reached XP level 18. HP: 201/201 MP: 25/30
 41240 | Shoals:4 | Received a gift from Okawaru
 42126 | Shoals:4 | Killed Ilsuiw
 42358 | Shoals:4 | Got a barnacled rune of Zot
 42947 | Elf:1    | Entered Level 1 of the Elven Halls
 44080 | Orc:2    | Received a gift from Okawaru
 44251 | Elf:1    | Reached skill level 18 in Fighting
 45317 | Elf:2    | Received a gift from Okawaru
 45318 | Elf:2    | Found the +7 longbow "Piercer" {penet, EV-2}
 45552 | Elf:2    | Found a radiant altar of Vehumet.
 45806 | Elf:2    | Found a runed gate.
 45806 | Elf:2    | Found a runed gate.
 45806 | Elf:2    | Found a runed gate.
 46220 | Lair:4   | Killed PikkenKukken's ghost
 46220 | Lair:4   | Reached skill level 10 in Spellcasting
 47286 | Snake:1  | Received a gift from Okawaru
 47287 | Snake:1  | Found the +3 sling "Punk" {acid, rCorr}
 47580 | Snake:1  | Found Pydwuipp's Magic Scroll Emporium.
 47590 | Snake:1  | Found Koenij's Gadget Shop.
 47610 | Snake:1  | Reached XP level 19. HP: 213/213 MP: 5/33
 47620 | Snake:1  | Bought a scroll of fog for 30 gold pieces
 47620 | Snake:1  | Bought a scroll of amnesia for 52 gold pieces
 47620 | Snake:1  | Bought a scroll of identify for 30 gold pieces
 47790 | Snake:1  | Found Becaxtua's Weapon Emporium.
 47814 | Snake:1  | Found Sogiapad's Distillery.
 47831 | Snake:1  | Bought a potion of curing for 51 gold pieces
 47831 | Snake:1  | Bought 2 potions of haste for 340 gold pieces
 47831 | Snake:1  | Bought 2 potions of curing for 102 gold pieces
 48071 | Snake:2  | Noticed Azrael
 48227 | Snake:1  | Killed Azrael
 48829 | Snake:2  | Found Puik Hoka's Gadget Boutique.
 48829 | Snake:2  | Found Meahisan's Jewellery Shoppe.
 48830 | Snake:2  | Found Pase's Gadget Boutique.
 49006 | Snake:3  | Noticed Saint Roka
 49277 | Snake:2  | Gained mutation: Your magical capacity is low. (-10% MP)
                  | [mutagenic glow]
 49305 | Snake:2  | Lost mutation: You can translocate small distances at will.
                  | [mutagenic glow]
 49335 | Snake:3  | Killed Saint Roka
 49335 | Snake:3  | Received a gift from Okawaru
 49352 | Snake:3  | Gained mutation: Your body sometimes deteriorates upon
                  | taking damage. [mutagenic glow]
 49427 | Snake:3  | Lost mutation: Your magical capacity is low. (-10% MP)
                  | [potion of mutation]
 49427 | Snake:3  | Lost mutation: You expend magic power (3 MP) to strengthen
                  | your wands. [potion of mutation]
 49427 | Snake:3  | Lost mutation: Your body sometimes deteriorates upon taking
                  | damage. [potion of mutation]
 49427 | Snake:3  | Gained mutation: You expend magic power (3 MP) to
                  | strengthen your wands. [potion of mutation]
 49427 | Snake:3  | Gained mutation: Your body sometimes deteriorates upon
                  | taking damage. [potion of mutation]
 49427 | Snake:3  | Gained mutation: You are partially covered in thin metallic
                  | scales. (AC +2) [potion of mutation]
 49428 | Snake:3  | Lost mutation: Your body sometimes deteriorates upon taking
                  | damage. [potion of mutation]
 49428 | Snake:3  | Lost mutation: You expend magic power (3 MP) to strengthen
                  | your wands. [potion of mutation]
 49428 | Snake:3  | Lost mutation: You are partially covered in thin metallic
                  | scales. (AC +2) [potion of mutation]
 49428 | Snake:3  | Gained mutation: You are somewhat resistant to further
                  | mutation. [potion of mutation]
 50998 | Snake:4  | Entered Level 4 of the Snake Pit
 51019 | Snake:4  | Found Wadeh's Food Shoppe.
 51040 | Snake:4  | Found Fualucs's Weapon Boutique.
 51241 | Snake:4  | Reached skill level 19 in Fighting
 51531 | Snake:4  | Received a gift from Okawaru
 52103 | Snake:4  | Reached XP level 20. HP: 226/226 MP: 25/35
 52135 | Snake:4  | Reached skill level 10 in Transmutations
 52798 | Snake:4  | Got a serpentine rune of Zot
 53074 | Snake:4  | Bought a ration for 50 gold pieces
 53074 | Snake:4  | Bought a ration for 50 gold pieces
 53074 | Snake:4  | Bought a ration for 50 gold pieces
 53074 | Snake:4  | Bought a ration for 50 gold pieces
 53338 | Elf:3    | Entered Level 3 of the Elven Halls
 53388 | Elf:3    | Found a gateway to a bazaar.
 53393 | Bazaar   | Entered a bazaar
 53406 | Bazaar   | Found Reagak's Assorted Antiques.
 53406 | Bazaar   | Found Puyt's Book Shoppe.
 53442 | Bazaar   | Found Locin's Antique Armour Emporium.
 53442 | Bazaar   | Found Komninn's Gadget Emporium.
 53491 | Bazaar   | Bought a Necronomicon for 993 gold pieces
 53497 | Bazaar   | Learned a level 5 spell: Borgnjor's Vile Clutch
 53553 | Elf:3    | Cast into level 3 of the Abyss (a deep elf demonologist)
 53686 | Abyss:3  | Reached skill level 1 in Necromancy
 53868 | Abyss:3  | Found a shimmering altar of Xom.
 54270 | Abyss:3  | Noticed a hellephant
 54371 | Abyss:3  | Identified the +6 large shield "Jytar" {rC+ MR+++ Dex-3}
 54492 | Abyss:3  | Noticed a bone dragon
 54520 | Abyss:3  | Killed a bone dragon
 54776 | Abyss:3  | Noticed a bone dragon
 54784 | Abyss:3  | Killed a bone dragon
 54794 | Abyss:3  | Received a gift from Okawaru
 54805 | Abyss:3  | Paralysed by accursed screaming for 1 turns
 54827 | Abyss:3  | Reached skill level 10 in Earth Magic
 55082 | Abyss:3  | Noticed a lich
 55092 | Abyss:3  | Killed a lich
 55159 | Abyss:3  | HP: 10/296 [raiju/living lightning (5)]
 55166 | Abyss:3  | HP: 13/296 [raiju (2)]
 55175 | Abyss:3  | HP: 7/296 [small abomination (12)]
 55470 | Abyss:3  | HP: 12/273 [large abomination (17)]
 55568 | Abyss:3  | Noticed a hellephant
 55575 | Abyss:3  | Killed a hellephant
 55733 | Abyss:3  | Found a corrupted altar of Lugonu.
 55961 | Abyss:3  | Received a gift from Okawaru
 55972 | Abyss:3  | Reached skill level 15 in Dodging
 56000 | Abyss:3  | Reached skill level 20 in Fighting
 56014 | Abyss:3  | Slain by a spiny frog

Vault maps used:
D:1:      lemuel_arrival_behind_the_door_small, minmay_misc_feat_columns,
          st_stairs_9
D:2:      minmay_crystal_water, minmay_misc_feat_more_columns, uniq_natasha,
          uniq_crazy_yiuf_cottage
D:3:      chequers_ecumenical_altar_twisty, uniq_grinder
D:4:      kennysheep_ying_yang, kennysheep_slug_shrine, grunt_dithmenos_shadows
D:5:      lightli_temple_of_fire, first_ration, serial_bayou_pond_b,
          sword_in_stone, uniq_ijyb, uniq_pikel
D:6:      minmay_temple_entry_nine_rooms, ebering_ghost_disaster_area,
          uniq_prince_ribbit1
D:7:      grunt_livestock, minivault_10, minmay_misc_feat_secret_circle,
          uniq_duvessa
D:8:      lemuel_doored_altar, vehumet_statue, nicolae_looking_at_the_future
D:9:      cheibrodos_grave_circle, minivault_14, uniq_grum
D:10:     lair_entry_dummy, grunt_ministairs_14, minmay_beelzebubs_servants,
          uniq_josephine
D:11:     orc_0_dummy, serial_shops, shop
D:12:     serial_shops, shop, nicolae_trove_entry_columns,
          minmay_guarded_unrand_resistance, uniq_maurice, uniq_psyche,
          uniq_erolcha
D:13:     gammafunk_ghost_split
D:14:     david_vaults_2, lemuel_round_altar
D:15:     gammafunk_depths_entry_grave,
          hangedman_abyss_or_decor_jellyfish_corner, serial_shops,
          nicolae_shop_window_shopping, uniq_roxanne
Temple:   regret_index_temple_waves
Lair:1:   grunt_forest_large_clearing_hut, serial_bayou_shore_b
Lair:2:   lemuel_reptile_caves
Lair:3:   shoals_dummy_entry, minmay_snake_entry_guardpost_small,
          lab_entry_generic, st_stairs_9, minmay_lair_oklob_chamber
Lair:4:   gammafunk_ghost_arena, uniq_sonja, uniq_urug
Lair:5:   slime_altar_1
Lair:6:   hangedman_lair_caniforms_friends, guppyfry_lair_end_dragon,
          nicolae_volcano_entry_lava_flow, small_statue_intersection,
          lemuel_centaur_altar, infiniplex_staircase_pool_2
Shoals:1: cheibrodos_shoals_epimethial_gifts,
          nicolae_shoals_stone_sculpture_thing, lemuel_altar_in_water
Shoals:2: ebering_ghost_reflecting_pool, uniq_polyphemus, uniq_frances
Shoals:3: argonaut_golden_fleece
Shoals:4: shoals_end_hangedman, shoals_ilsuiw_ice
Snake:1:  serial_shops, shop_statue, nicolae_shop_waterfront, shop_fountains,
          shop
Snake:2:  grunt_megastairs_1, minmay_shop_grove, uniq_azrael
Snake:3:  uniq_saint_roka
Snake:4:  minmay_snake_end_coiled, serial_shops, shop, shop
Orc:1:    giant_chief_lemuel, portal_ice_cave_entry_ice_beasts
Orc:2:    pubby_orc_utopia
Elf:1:    minmay_elf_crystal_heptagon, grunt_megastairs_2
Elf:2:    basic_altar, minmay_misc_feat_ornament
Elf:3:    grunt_elf_hall_spiral, serial_shops, bzr_entry_dummy
Abyss:3:  dshaligram_kb_abyss_rune_zappy_water_cross
Bazaar:   grunt_bazaar_doublecross
IceCv:    ice_cave_small_giant

Skill      XL: |  1  2  3  4  5  6  7  8  9 10 11 12 13 14 15 16 17 18 19 20 |
---------------+-------------------------------------------------------------+-----
Fighting       | 2 3 5 6 7 8 9 10 12 13 14 15 16 17 18 19 20 | 20.0
Unarmed Combat | 3 4 5 6 8 9 10 12 13 14 15 16 17 18 | 18.4
Transmutations | 2 3 4 5 6 8 9 10 | 10.0
Poison Magic   | 1 |  1.2
Dodging        | 2 3 4 6 7 8 10 11 12 13 14 15 | 15.0
Invocations    | 2 4 6 |  6.0
Spellcasting   | 3 5 6 8 10 11 12 | 12.0
Ice Magic      | 1 3 5 |  5.0
Armour         | 2 4 |  4.0
Earth Magic    | 3 6 8 9 10 | 10.0
Necromancy     | 4 |  4.1

Action                   |  1- 3 |  4- 6 |  7- 9 | 10-12 | 13-15 | 16-18 | 19-21 || total
-------------------------+-------+-------+-------+-------+-------+-------+-------++-------
Melee: Unarmed           |   119 |   112 |   398 |   820 |  1197 |  1186 |   919 ||  4751
       Headbutt          |     4 |     5 |       |       |       |       |       ||     9
       Kick              |     5 |       |       |       |       |     7 |       ||    12
       Punch             |     2 |     2 |     3 |     7 |    14 |    20 |    51 ||    99
 Cast: Beastly Appendage |    18 |     6 |     1 |       |     2 |     1 |       ||    28
       Sticks to Snakes  |     2 |     8 |    14 |    16 |    33 |   147 |    24 ||   244
       Spider Form       |       |     3 |    28 |    52 |       |       |       ||    83
       Ice Form          |       |       |       |     9 |    69 |   119 |    30 ||   227
       Statue Form       |       |       |       |       |       |     3 |    37 ||    40
       Confusing Touch   |       |       |       |       |       |     2 |       ||     2
       Borgnjor's Vile C |       |       |       |       |       |       |     1 ||     1
Invok: Heroism           |       |       |     2 |    17 |    21 |    32 |    20 ||    92
       Finesse           |       |       |       |       |     2 |     4 |     1 ||     7
 Abil: Blink             |       |       |       |       |       |     1 |       ||     1
       End Transformatio |       |       |       |       |       |     1 |     3 ||     4
Evoke: Wand              |       |       |     3 |       |     2 |    20 |       ||    25
  Use: Scroll            |     5 |       |    11 |     9 |    12 |     9 |    16 ||    62
       Potion            |       |       |       |       |     2 |    10 |    14 ||    26
 Stab: Distracted        |       |       |       |     3 |     4 |    10 |     1 ||    18
       Sleeping          |       |       |       |     1 |     1 |     3 |       ||     5
       Paralysed         |       |       |       |       |     1 |       |       ||     1
       Confused          |       |       |       |       |       |     2 |       ||     2
  Eat: Chunk             |     2 |     7 |    14 |    25 |    54 |    41 |    11 ||   154
       Ration            |       |       |     1 |     4 |     1 |    10 |    11 ||    27
Armor: Robe              |    44 |    22 |    36 |    32 |    10 |    21 |    15 ||   180
       Skin              |       |     1 |     8 |    16 |   109 |   280 |   472 ||   886
       Steam dragon scal |       |       |       |       |     5 |       |       ||     5
       Acid dragon scale |       |       |       |       |    13 |       |       ||    13
       Troll leather arm |       |       |       |       |     2 |       |       ||     2
Dodge: Dodged            |    82 |    53 |   246 |   832 |   832 |   959 |   953 ||  3957
Block: Other             |       |       |     5 |   214 |   239 |   226 |   180 ||   864
       Reflection        |       |       |       |     4 |    16 |    35 |    24 ||    79
       Large shield      |       |       |       |       |       |       |     9 ||     9

Table legend:
 A = Non-vault XP
 B = Vault XP
 C = Vault XP percentage of total XP
 D = Non-vault monster count
 E = Vault monster count
 F = Vault count percentage of total count
                 A         B        C        D         E       F
            +---------+---------+-------+---------+---------+-------
      Total |  310713 |  177417 |  36.3 |     982 |     526 |  34.9
            +---------+---------+-------+---------+---------+-------
        D:1 |      41 |      12 |  22.6 |      22 |       4 |  15.4
        D:2 |     120 |      75 |  38.5 |      14 |       2 |  12.5
        D:3 |     146 |     267 |  64.6 |      17 |       1 |   5.6
        D:4 |      94 |      15 |  13.8 |      18 |       2 |  10.0
        D:5 |     769 |    1139 |  59.7 |      21 |       9 |  30.0
        D:6 |     497 |     221 |  30.8 |      23 |       1 |   4.2
        D:7 |    1501 |    1455 |  49.2 |      26 |      11 |  29.7
        D:8 |    2210 |    1078 |  32.8 |      42 |      10 |  19.2
        D:9 |    2879 |    4471 |  60.8 |      29 |      19 |  39.6
       D:10 |    2005 |    3190 |  61.4 |      16 |      13 |  44.8
       D:11 |    6816 |    1148 |  14.4 |      34 |      30 |  46.9
       D:12 |    4894 |    1852 |  27.5 |      26 |       3 |  10.3
       D:13 |    8318 |       0 |   0.0 |      28 |       0 |   0.0
       D:14 |    8127 |    2999 |  27.0 |      33 |       5 |  13.2
       D:15 |    3413 |    4265 |  55.5 |      10 |       7 |  41.2
     Lair:1 |    6931 |     689 |   9.0 |      38 |       3 |   7.3
     Lair:2 |    5119 |    2691 |  34.5 |      23 |      30 |  56.6
     Lair:3 |   13812 |    3550 |  20.4 |      45 |      12 |  21.1
     Lair:4 |    4007 |    4703 |  54.0 |      14 |       8 |  36.4
     Lair:5 |    1910 |       0 |   0.0 |      10 |       0 |   0.0
   Shoals:1 |   10861 |    6665 |  38.0 |      19 |      10 |  34.5
   Shoals:2 |   21936 |    7785 |  26.2 |      42 |       6 |  12.5
   Shoals:3 |   12293 |    5375 |  30.4 |      26 |       5 |  16.1
   Shoals:4 |   18146 |   28673 |  61.2 |      34 |      41 |  54.7
    Snake:1 |   14191 |    1818 |  11.4 |      29 |       4 |  12.1
    Snake:2 |   10330 |    1671 |  13.9 |      16 |       7 |  30.4
    Snake:3 |   27669 |    5766 |  17.2 |      50 |       9 |  15.3
    Snake:4 |   22186 |   27430 |  55.3 |      49 |      46 |  48.4
      Orc:1 |    4562 |   18350 |  80.1 |      46 |      69 |  60.0
      Orc:2 |    2840 |   19274 |  87.2 |       5 |     106 |  95.5
      Elf:1 |   11780 |    8449 |  41.8 |      21 |      12 |  36.4
      Elf:2 |   10107 |    1826 |  15.3 |      14 |       2 |  12.5
      Elf:3 |    1993 |       0 |   0.0 |       3 |       0 |   0.0
    Abyss:3 |   68210 |    1615 |   2.3 |     139 |       4 |   2.8
      IceCv |       0 |    8900 | 100.0 |       0 |      35 | 100.0
            +---------+---------+-------+---------+---------+-------
